 Dungeon Crawl Stone Soup version 0.26.1-11-gd32895ea62 (webtiles) character file.

Game seed: 7822349077625066638

119 Zeld the Chopper (level 5, -2/32 HPs)
             Began as a Gargoyle Berserker on May 27, 2021.
             Was a Believer of Trog.
             Slain by an orc
             ... wielding a +0 mace
              (3 damage)
             ... on level 2 of the Dungeon.
             The game lasted 00:02:14 (2251 turns).

Zeld the Chopper (Gargoyle Berserker)               Turns: 2251, Time: 00:02:15

Health: -2/32      AC:  4    Str: 22    XL:     5   Next: 3%
Magic:  5/5        EV: 12    Int:  7    God:    Trog [**....]
Gold:   52         SH:  0    Dex:  9    Spells: 4/4 levels left

rFire    . . .     SeeInvis .   a - +0 hand axe
rCold    . . .     Faith    .   (no shield)
rNeg     + . .     Spirit   .   (no armour)
rPois    ∞         Reflect  .   (no helmet)
rElec    +         Harm     .   (no cloak)
rCorr    .         Rampage  .   (no gloves)
Will     .....                  (no boots)
Stlth    +.........             (no amulet)
HPRegen  0.10/turn              (no ring)
MPRegen  0.09/turn              (no ring)

@: berserk cooldown, slowed, very slow
A: negative energy resistance 1, electricity resistance, unbreathing,
petrification resistance, miasma immunity, AC +4
a: Renounce Religion, Berserk, Trog's Hand


You were on level 2 of the Dungeon.
You worshipped Trog.
Trog was pleased with you.
You visited 1 branch of the dungeon, and saw 3 of its levels.

You collected 52 gold pieces.

Inventory:

Hand Weapons
 a - a +0 hand axe (weapon)
Jewellery
 h - an uncursed ring of positive energy {unknown}
 k - a +6 ring of intelligence {unknown}
Scrolls
 b - 2 scrolls of amnesia {unknown}
 c - a scroll of teleportation {unknown}
 e - 3 scrolls of identify {unknown}
 g - a scroll of fear {unknown}
 i - a scroll of remove curse {unknown}
Potions
 d - 2 potions of curing {unknown}
 f - a potion of degeneration {unknown}
 j - a potion of haste {unknown}


   Skills:
 - Level 3.2 Fighting
 * Level 5.0 Axes
 - Level 2.1 Armour
 - Level 1.5 Dodging


You had 4 spell levels left.
You didn't know any spells.
Your spell library was empty.

Dungeon Overview and Level Annotations

Branches:
Dungeon (3/15)

Altars:
Elyvilon

Annotations:
D:3 Robin


Innate Abilities, Weirdness & Mutations

You are resistant to torment.
Your stone body is resilient. (AC +4)
You are immune to poison.
You resist negative energy. (rN+)
You are resistant to electric shocks. (rElec)
You can survive without breathing.
You are immune to petrification.
You are immune to miasma.


Message History

You feel yourself slow down.
There is a stone staircase leading down here.
You slash the goblin!
You kill the goblin!
Trog accepts your kill.
You barely miss the hobgoblin. You completely miss the orc.
The orc closely misses you.
The hobgoblin hits you but does no damage.
Unknown command.
You hit the hobgoblin but do no damage. You barely miss the goblin.
You barely miss the orc. The orc barely misses you. The goblin misses you.
The hobgoblin closely misses you. The orc closely misses you.
The hobgoblin hits you but does no damage.
The goblin closely misses you.
Unknown command.
You closely miss the hobgoblin. You hit the orc but do no damage.
You hit the goblin. The goblin completely misses you.
The hobgoblin hits you but does no damage.
The orc hits you with a +0 mace.
You die...

###########
#.........########
#.............#...
#####.........###.#.##
#.............###.#.##
#.###................# #.#
#.###########.#... ####.#
#og............... #....#
#@g............... #.####
###.##############
##.########.## #
#............# #
########.....#############
#..................
#.....#############
#.................#
#.....##......###.#


You could see an orc, a hobgoblin and a goblin.

Vanquished Creatures
  2 orc priests (D:3)
  2 adders (D:2)
  An ooze (D:2)
  A worm (D:2)
  A leopard gecko (D:2)
  2 orcs (D:3)
  A ball python (D:1)
  8 bats
  A giant cockroach (D:1)
  5 goblins
  3 hobgoblins
  4 kobolds
  A quokka (D:2)
  3 rats
35 creatures vanquished.

Vanquished Creatures (others)
  A giant cockroach (D:2)
1 creature vanquished.

Grand Total: 36 creatures vanquished

Notes
Turn   | Place    | Note
-------+----------+-------------------------------------------
     0 | D:1      | Zeld the Gargoyle Berserker began the quest for the Orb.
     0 | D:1      | Reached XP level 1. HP: 14/14 MP: 1/1
   127 | D:2      | Reached skill level 3 in Axes
   127 | D:2      | Reached XP level 2. HP: 14/19 MP: 2/2
   813 | D:1      | Reached XP level 3. HP: 23/23 MP: 3/3
  1174 | D:2      | Found a white marble altar of Elyvilon.
  1652 | D:2      | Reached skill level 4 in Axes
  2041 | D:2      | Reached ** piety under Trog
  2240 | D:3      | Reached XP level 4. HP: 28/28 MP: 4/4
  2245 | D:3      | Noticed Robin
  2247 | D:3      | Reached skill level 5 in Axes
  2247 | D:3      | Reached XP level 5. HP: 6/32 MP: 5/5
  2247 | D:3      | HP: 2/48 [orc/+0 mace (5)]
  2251 | D:2      | Slain by an orc

Illustrated notes

Levels and vault maps discovered:
D:1:      minmay_arrival_loop, layout_basic, chequers_serial_rivers_micro_e
D:2:      layout_basic, elyvilon_altar_4
D:3:      layout_rooms, serial_aquarium, aquarium_bridge_long_joined
          [aquarium_subvault_bridge, aquarium_subvault_window,
          aquarium_subvault_wall, aquarium_subvault_wall,
          aquarium_subvault_window, aquarium_subvault_bridge],
          aquarium_window_fake, aquarium_window_fake, aquarium_window_corner,
          aquarium_view_2b, aquarium_view_2e, aquarium_pool_1,
          kennysheep_path_1, nemelex_dance_club_becter, uniq_robin

Skill      XL: |  1  2  3  4 |
---------------+-------------+-----
Axes           | 3 4 5 |  5.0
Fighting       | |  3.2
Armour         | |  2.1
Dodging        | |  1.5

Action                   |  1- 3 |  4- 6 || total
-------------------------+-------+-------++-------
Melee: Hand axe          |   110 |    10 ||   120
Invok: Berserk           |     4 |       ||     4
 Stab: Sleeping          |     2 |       ||     2
Armor: Skin              |    33 |     6 ||    39
Dodge: Dodged            |    74 |    16 ||    90
